[Event "ICC tourney 1954 (60 10)"]
[Site "Internet Chess Club"]
[Date "2020.08.09"]
[Round "8"]
[White "Chai2006"]
[Black "Vidipkona"]
[Result "1-0"]
[ICCResult "Black resigns"]
[WhiteElo "960"]
[BlackElo "1242"]
[Opening "Sicilian: Canal-Sokolsky attack, 3...Bd7"]
[ECO "B52"]
[NIC "SI.01"]
[Time "15:19:02"]
[TimeControl "3600+10"]

1. e4 c5 2. Nf3 d6 3. Bb5+ Bd7 4. Bxd7+ Nxd7 5. d3 Ngf6 6. O-O e6 7. Bf4 Be7
8. h3 O-O 9. Nbd2 Nb6 10. Re1 Qd7 11. c4 Rad8 12. Qc2 e5 13. Be3 Na8 14. b4
b6 15. Reb1 Qc6 16. a4 Rb8 17. a5 Nc7 18. b5 Qb7 19. Ra3 Ra8 20. Bg5 Ne6 21.
Rba1 Nxg5 22. Nxg5 Nd5 23. cxd5 Bxg5 24. Nc4 Be7 25. Qb2 Rfb8 26. axb6 axb6
27. Rxa8 Rxa8 28. Rxa8+ Qxa8 29. Nxb6 Qb8 30. Nc4 h6 31. b6 Bd8 32. b7 Bc7
33. Qb5 Kh7 34. Qa6 Qd8 35. Qa8 Bb8 36. Na5 Qg5 37. g3 Bc7 38. b8=Q Bxb8 39.
Qxb8 Qd2 40. Nc4 Qxd3 41. Nxd6 c4 42. Nxf7 Qxe4 43. Qxe5 Qb1+ 44. Kg2 Qd3
45. Nd8 Qg6 46. Ne6 Qf7 47. d6 c3 48. d7 c2 49. Qe4+ g6 50. Qxc2 {Black
resigns} 1-0

[Event "ICC tourney 1954 (60 10)"]
[Site "Internet Chess Club"]
[Date "2020.08.09"]
[Round "8"]
[White "thihansa"]
[Black "Kfprasanna"]
[Result "1-0"]
[ICCResult "Black checkmated"]
[WhiteElo "1161"]
[BlackElo "1321"]
[Opening "Giuoco Piano"]
[ECO "C54"]
[NIC "IG.02"]
[Time "15:18:32"]
[TimeControl "3600+10"]

1. e4 e5 2. Nf3 Nc6 3. Bc4 Bc5 4. c3 Nf6 5. d3 d6 6. Bb3 h6 7. h3 Be6 8. Bc2
d5 9. Nbd2 Qd7 10. O-O O-O 11. Re1 Rfe8 12. Nf1 Rad8 13. Ng3 dxe4 14. Nxe4
Nxe4 15. dxe4 Qxd1 16. Rxd1 Rxd1+ 17. Bxd1 f5 18. Bc2 f4 19. b3 Bf7 20. Bb2
b5 21. Rd1 Bd6 22. Kf1 a6 23. Bd3 Bh5 24. Be2 Bg6 25. Bd3 Bf7 26. Nd2 Na5
27. c4 bxc4 28. Nxc4 Nxc4 29. Bxc4 Bxc4+ 30. bxc4 Rb8 31. Bc3 Rb6 32. Rd2
Rc6 33. Ke2 Rxc4 34. Kd3 Rc6 35. f3 Kf7 36. Rb2 Ke6 37. Bd2 Rb6 38. Rc2 Kd7
39. Ke2 g5 40. Kd3 h5 41. Be1 h4 42. Bd2 c5 43. Kc4 Kc6 44. Ba5 Rb1 45. Bd8
Rb4+ 46. Kc3 c4 47. Bxg5 Kc5 48. Bxh4 Ra4 49. Kd2 Kd4 50. Bf2#
{Black checkmated}
1-0

[Event "ICC tourney 1954 (60 10)"]
[Site "Internet Chess Club"]
[Date "2020.08.09"]
[Round "8"]
[White "ayanloveschess"]
[Black "Maximusiv"]
[Result "0-1"]
[ICCResult "White checkmated"]
[WhiteElo "705"]
[BlackElo "1046"]
[Opening "Scandinavian defense"]
[ECO "B01"]
[NIC "SD.03"]
[Time "15:19:31"]
[TimeControl "3600+10"]

1. e4 d5 2. exd5 Nf6 3. Bb5+ Nbd7 4. Nc3 a6 5. Ba4 b5 6. Bb3 Nb6 7. Qf3 Bb7
8. Qd1 Nbxd5 9. Nxd5 Nxd5 10. Nf3 c5 11. c4 Nb4 12. O-O e6 13. cxb5 axb5 14.
a3 Qc7 15. d3 Bd6 16. g3 Qc6 17. Kg2 O-O 18. Be3 Nxd3 19. Bd2 Ne5 20. Rc1
Nxf3 21. Kh3 Nxd2 22. Qxd2 Qg2+ 23. Kh4 Qxh2+ 24. Kg4 f5+ 25. Kg5 Qh6#
{White checkmated}
0-1

[Event "ICC tourney 1954 (60 10)"]
[Site "Internet Chess Club"]
[Date "2020.08.09"]
[Round "8"]
[White "AlexR2007"]
[Black "BotanicalKnight"]
[Result "1-0"]
[ICCResult "Black checkmated"]
[WhiteElo "965"]
[BlackElo "1379"]
[Opening "Caro-Kann: Steinitz variation"]
[ECO "B17"]
[NIC "CK.08"]
[Time "15:18:56"]
[TimeControl "3600+10"]

1. e4 c6 2. d4 d5 3. Nd2 dxe4 4. Nxe4 Nd7 5. Nf3 Ngf6 6. Nxf6+ Nxf6 7. Bd3
Bg4 8. Be3 e6 9. O-O Be7 10. h3 Bh5 11. c3 O-O 12. Re1 Qc7 13. c4 c5 14. Qe2
cxd4 15. Bxd4 Rfd8 16. Be5 Bd6 17. Bc3 Be7 18. Rad1 Qc6 19. g4 Bg6 20. Bxg6
hxg6 21. Ne5 Qa6 22. a3 Bd6 23. Nxg6 fxg6 24. Qxe6+ Kh7 25. Bxf6 gxf6 26.
Qf7+ Kh6 27. h4 Bf4 28. h5 Kg5 29. Qxg6+ Kh4 30. h6 Qa5 31. Kg2 Qg5 32. Rh1+
Kxg4 33. f3# {Black checkmated} 1-0

[Event "ICC tourney 1954 (60 10)"]
[Site "Internet Chess Club"]
[Date "2020.08.09"]
[Round "8"]
[White "FischerInThe90s"]
[Black "eevee11"]
[Result "1-0"]
[ICCResult "Black checkmated"]
[WhiteElo "1135"]
[BlackElo "698"]
[Opening "Grünfeld: 5.Bf4"]
[ECO "D92"]
[NIC "GI.07"]
[Time "15:19:11"]
[TimeControl "3600+10"]

1. d4 Nf6 2. c4 g6 3. Nc3 d5 4. Nf3 Bg7 5. Bf4 dxc4 6. e4 O-O 7. Bxc4 c6 8.
a4 b6 9. O-O Nbd7 10. h3 c5 11. dxc5 Nxc5 12. e5 Nfe4 13. Qc2 Nxc3 14. Qxc3
Be6 15. Rad1 Qc8 16. Bxe6 Qxe6 17. a5 Qb3 18. Qxb3 Nxb3 19. axb6 axb6 20.
Rd7 Rfe8 21. Ng5 Rad8 22. Rb7 Rb8 23. Rc7 Rbc8 24. e6 fxe6 25. Nxe6 Rxc7 26.
Bxc7 b5 27. Nxg7 Kxg7 28. Re1 Kf7 29. Bb6 Rc8 30. Re3 Rb8 31. Bc7 Rc8 32.
Rxb3 Rxc7 33. Rxb5 Rc1+ 34. Kh2 Rb1 35. Kg3 Ke6 36. Kg4 Kf6 37. h4 h5+ 38.
Kf4 Rh1 39. Rb6+ e6 40. g3 Rb1 41. f3 Rf1 42. b4 Rb1 43. g4 hxg4 44. Kxg4
Rb2 45. b5 Rb3 46. Kg3 Rb2 47. f4 Rb3+ 48. Kg4 Rb4 49. Rb8 Rb3 50. b6 Rb4
51. b7 Kf7 52. Rh8 Kg7 53. b8=Q Rxb8 54. Rxb8 Kf6 55. Rb6 Kf7 56. Kg5 Ke7
57. Kxg6 Kd7 58. h5 Ke8 59. Kf6 Kd7 60. Rxe6 Kd8 61. Re7 Kc8 62. Ke6 Kd8 63.
Rh7 Kc8 64. Kd6 Kb8 65. Kc6 Ka8 66. Kb6 Kb8 67. Rh8# {Black checkmated} 1-0

[Event "ICC tourney 1954 (60 10)"]
[Site "Internet Chess Club"]
[Date "2020.08.09"]
[Round "8"]
[White "MSU8899"]
[Black "stepke"]
[Result "1-0"]
[ICCResult "Black resigns"]
[WhiteElo "1057"]
[BlackElo "1294"]
[Opening "QGD Slav: 4.Nc3"]
[ECO "D15"]
[NIC "SL.03"]
[Time "15:19:11"]
[TimeControl "3600+10"]

1. d4 d5 2. c4 c6 3. Nf3 Nf6 4. Nc3 Bg4 5. Qb3 Qc7 6. Ne5 Nbd7 7. Nxg4 Nxg4
8. cxd5 cxd5 9. Nxd5 Qc8 10. e4 e6 11. Be2 Ngf6 12. Nxf6+ Nxf6 13. e5 Nd7
14. Bf3 Rb8 15. O-O Be7 16. Bd2 O-O 17. Rac1 Qd8 18. Rc2 b5 19. Rfc1 a5 20.
Qd3 Nxe5 21. Qe3 Nxf3+ 22. gxf3 a4 23. a3 h6 24. f4 Qb6 25. Rc6 Qd8 26. f5
Bg5 27. Qd3 Bxd2 28. Qxd2 e5 29. R1c3 exd4 30. Rg3 Kh7 31. Rxg7+ Kxg7 32.
Qxh6+ Kg8 33. f6 Qxf6 34. Qxf6 d3 35. Qg5+ {Black resigns} 1-0

[Event "ICC tourney 1954 (60 10)"]
[Site "Internet Chess Club"]
[Date "2020.08.09"]
[Round "8"]
[White "janeff1110"]
[Black "nagapraneel"]
[Result "1-0"]
[ICCResult "Black resigns"]
[WhiteElo "982"]
[BlackElo "837"]
[Opening "Giuoco Pianissimo: Italian four knights variation"]
[ECO "C50"]
[NIC "IG.02"]
[Time "15:19:17"]
[TimeControl "3600+10"]

1. e4 e5 2. Nf3 Nc6 3. Bc4 Bc5 4. d3 Nf6 5. Nc3 h6 6. Be3 Bb6 7. Qd2 d6 8.
h3 Be6 9. Bb3 Qd7 10. Bxe6 fxe6 11. O-O O-O 12. d4 exd4 13. Nxd4 Nxd4 14.
Bxd4 Bxd4 15. Qxd4 e5 16. Qc4+ Qf7 17. Qd3 Rfd8 18. a3 a6 19. Rad1 Rab8 20.
Rfe1 Qg6 21. Nd5 Nh5 22. Qb3 Kh8 23. Nxc7 Nf4 24. Qg3 Qxg3 25. fxg3 Ng6 26.
Nd5 Rdc8 27. c3 Nf8 28. Rf1 Nd7 29. Kh2 Kh7 30. Nb4 Nc5 31. Rfe1 Rd8 32. Nd3
Nxd3 33. Rxd3 Rbc8 34. Red1 Rc6 35. Rf1 Rd7 36. b3 g6 37. c4 b5 38. Rc1 bxc4
39. Rxc4 Rxc4 40. bxc4 Kg7 41. c5 Kf7 42. c6 Rd8 43. c7 Rc8 44. Rxd6 Rxc7
45. Rxa6 Rc4 46. Ra7+ Kf6 47. Rh7 h5 48. Ra7 Rxe4 49. a4 Rd4 50. Ra6+ Kf5
51. Kg1 e4 52. Kf2 Rd3 53. Ra5+ Kf6 54. Rb5 Ra3 55. a5 e3+ 56. Kf3 Ke6 57.
Rb6+ Kf5 58. a6 Ke5 59. a7 Rxa7 60. Kxe3 Ra3+ 61. Kf2 Kf5 62. Rb5+ Kf6 63.
Rb4 Kf5 64. Rf4+ Kg5 65. Re4 Ra2+ 66. Re2 Rxe2+ 67. Kxe2 h4 68. Kf3 Kh5 69.
gxh4 Kxh4 70. Kf4 g5+ 71. Kf3 Kh5 72. Kg3 Kh6 73. Kg4 Kg6 74. h4 gxh4 75.
Kxh4 {Black resigns} 1-0

[Event "ICC tourney 1954 (60 10)"]
[Site "Internet Chess Club"]
[Date "2020.08.09"]
[Round "8"]
[White "MBashur"]
[Black "NJLandshark"]
[Result "1-0"]
[ICCResult "Black resigns"]
[WhiteElo "932"]
[BlackElo "1226"]
[Opening "QGD Slav: Slav gambit"]
[ECO "D15"]
[NIC "SL.03"]
[Time "15:19:11"]
[TimeControl "3600+10"]

1. d4 d5 2. c4 c6 3. Nc3 Nf6 4. Nf3 dxc4 5. e4 b5 6. b3 cxb3 7. e5 Nd5 8.
Nxd5 cxd5 9. Bxb5+ Bd7 10. Qxb3 Qa5+ 11. Bd2 Qxb5 12. Rb1 Qxb3 13. Rxb3 e6
14. O-O Be7 15. Rc1 O-O 16. Rb7 Re8 17. Rcc7 Kf8 18. Rxd7 Nxd7 19. Rxd7 Red8
20. Rc7 Rdc8 21. Rb7 Rcb8 22. Rc7 Rb1+ 23. Rc1 Rxc1+ 24. Bxc1 Rc8 25. Bd2
Rc2 26. a4 Ra2 27. a5 g5 28. h3 h5 29. g4 hxg4 30. hxg4 f6 31. exf6 Bxf6 32.
Kg2 e5 33. dxe5 Bxe5 34. Bb4+ Kf7 35. Nxe5+ Ke6 36. Nc6 a6 37. Nb8 d4 38.
Nxa6 d3 39. Nc5+ Kd5 40. Nxd3 Kc4 41. Nc1 Ra4 42. Bd2 Kb5 43. Kf3 Ra3+ 44.
Ke2 Ka6 45. Nd3 {Black resigns} 1-0

[Event "ICC tourney 1954 (60 10)"]
[Site "Internet Chess Club"]
[Date "2020.08.09"]
[Round "8"]
[White "ABecker755"]
[Black "chessadpa"]
[Result "1/2-1/2"]
[ICCResult "Black stalemated"]
[WhiteElo "1368"]
[BlackElo "1178"]
[Opening "Ruy Lopez: classical (Cordel) defense"]
[ECO "C64"]
[NIC "RL.01"]
[Time "15:19:31"]
[TimeControl "3600+10"]

1. e4 e5 2. Nf3 Nc6 3. Bb5 Bc5 4. Bxc6 dxc6 5. d3 h6 6. O-O Qe7 7. b3 Bd6 8.
Bb2 Nf6 9. Nbd2 O-O 10. Nc4 Nd7 11. Rb1 Qf6 12. Re1 b5 13. Ne3 Bb7 14. Nf5
a5 15. N3h4 a4 16. Nxd6 cxd6 17. Nf5 a3 18. Bc1 Rfe8 19. Qg4 Kh7 20. Nxh6
gxh6 21. Qxd7 Re7 22. Qf5+ Qxf5 23. exf5 Rg8 24. h3 b4 25. Re4 h5 26. Rh4
Kg7 27. Rxh5 Kf8 28. Rg5 f6 29. Rxg8+ Kxg8 30. Bd2 c5 31. g4 Rg7 32. Re1 Kf7
33. Re3 d5 34. Rg3 d4 35. g5 Rh7 36. g6+ Kg7 37. gxh7+ Kxh7 38. Rg6 e4 39.
Rxf6 Kg7 40. Re6 exd3 41. cxd3 Bd5 42. Rg6+ Kf7 43. h4 Ke7 44. f6+ Kf7 45.
h5 Be6 46. Bg5 Bxb3 47. Rg7+ Kf8 48. h6 Bg8 49. Bc1 c4 50. dxc4 b3 51. Bxa3+
Ke8 52. axb3 d3 53. Bb4 d2 54. Bxd2 Bh7 55. Rxh7 Kf8 56. Rh8+ Kf7 57. h7 Kg6
58. Rg8+ Kxh7 59. f7 {Black stalemated} 1/2-1/2

[Event "ICC tourney 1954 (60 10)"]
[Site "Internet Chess Club"]
[Date "2020.08.09"]
[Round "8"]
[White "BabyFelix"]
[Black "Saturn015"]
[Result "1-0"]
[ICCResult "Black checkmated"]
[WhiteElo "1119"]
[BlackElo "1297"]
[Opening "Owen defense"]
[ECO "B00"]
[NIC "VO.01"]
[Time "15:18:39"]
[TimeControl "3600+10"]

1. e4 b6 2. d4 Bb7 3. Nc3 e6 4. Bd3 Nf6 5. Nf3 Bb4 6. Qe2 d5 7. exd5 Nxd5 8.
Bd2 Nxc3 9. bxc3 Be7 10. O-O O-O 11. Bf4 Nd7 12. Rad1 Qc8 13. c4 h6 14. Qe3
Bxf3 15. gxf3 g5 16. Bg3 Re8 17. f4 c5 18. d5 exd5 19. Qf3 d4 20. fxg5 Bxg5
21. Rfe1 Rxe1+ 22. Rxe1 a5 23. h4 Bd2 24. Re7 f6 25. Qd5+ Kh8 26. Rh7#
{Black checkmated}
1-0

[Event "ICC tourney 1954 (60 10)"]
[Site "Internet Chess Club"]
[Date "2020.08.09"]
[Round "8"]
[White "adma2028"]
[Black "catseyenebula"]
[Result "0-1"]
[ICCResult "White checkmated"]
[WhiteElo "1263"]
[BlackElo "1207"]
[Opening "Queen's pawn, Mason variation"]
[ECO "D00"]
[NIC "QP.08"]
[Time "15:18:20"]
[TimeControl "3600+10"]

1. d4 d5 2. Bf4 Nf6 3. e3 e6 4. c4 c5 5. dxc5 Bxc5 6. Nc3 O-O 7. cxd5 exd5
8. Bg5 d4 9. exd4 Re8+ 10. Be2 Bxd4 11. Nf3 Bxc3+ 12. bxc3 Qxd1+ 13. Rxd1
Be6 14. a3 Ne4 15. Bd2 Nc6 16. Ng5 Bb3 17. Rb1 Nxd2 18. Kxd2 Rad8+ 19. Kc1
Na5 20. Bf3 Ba2 21. Rb2 Nb3+ 22. Rxb3 Bxb3 23. Bxb7 Re2 24. Bf3 Ra2 25. Kb1
Rdd2 26. Re1 g6 27. Ne4 Rdb2+ 28. Kc1 Bc2 29. Nd2 Bd3 30. Re8+ Kg7 31. Bd5
Rc2+ 32. Kd1 Ra1+ 33. Nb1 Rxb1# {White checkmated} 0-1

[Event "ICC tourney 1954 (60 10)"]
[Site "Internet Chess Club"]
[Date "2020.08.09"]
[Round "8"]
[White "Knighthhhh"]
[Black "DiamondUnicorn"]
[Result "1-0"]
[ICCResult "Black resigns"]
[WhiteElo "641"]
[BlackElo "466"]
[Opening "QGD: 4.Bg5"]
[ECO "D43"]
[NIC "QO.16"]
[Time "15:18:25"]
[TimeControl "3600+10"]

1. d4 d5 2. c4 e6 3. Nc3 Nf6 4. Bg5 c6 5. Nf3 Be7 6. e3 O-O 7. Bd3 g6 8. O-O
c5 9. dxc5 Bxc5 10. cxd5 exd5 11. Bxf6 Qxf6 12. Nxd5 Qd8 13. Nc3 Nc6 14. Be2
Qxd1 15. Raxd1 Be6 16. h3 Nb4 17. a3 Nc6 18. Ng5 h6 19. Nxe6 fxe6 20. Bc4
Rae8 21. Rd7 Rf7 22. Rxf7 Kxf7 23. Rd1 a6 24. Ne4 Bf8 25. Nd6+ Bxd6 26. Rxd6
Ne5 27. Ba2 g5 28. Rb6 Re7 29. f4 gxf4 30. exf4 Ng6 31. f5 Nf8 32. fxe6+
Nxe6 33. Bxe6+ Rxe6 34. Rxb7+ Re7 35. Rxe7+ Kxe7 36. Kf2 Kf6 37. Kf3 Kf5 38.
g4+ Kg5 39. Kg3 h5 40. h4+ Kg6 41. g5 Kf5 42. Kf3 a5 43. b4 axb4 44. axb4
Ke5 45. b5 Kd5 46. b6 Kc6 47. g6 Kxb6 48. g7 {Black resigns} 1-0

[Event "ICC tourney 1954 (60 10)"]
[Site "Internet Chess Club"]
[Date "2020.08.09"]
[Round "8"]
[White "GoFest04"]
[Black "aec7r3b"]
[Result "0-1"]
[ICCResult "White resigns"]
[WhiteElo "999"]
[BlackElo "1348"]
[Opening "English opening"]
[ECO "A05"]
[NIC "QP.11"]
[Time "15:18:57"]
[TimeControl "3600+10"]

1. Nf3 Nf6 2. c4 g6 3. g3 Bg7 4. Bg2 O-O 5. O-O d5 6. cxd5 Nxd5 7. d3 c5 8.
Qc2 Qc7 9. Nc3 Nb4 10. Qd1 N8c6 11. a3 Na6 12. Bd2 e5 13. Qc1 Rd8 14. Bh6
Bf6 15. Bg5 Bxg5 16. Qxg5 Qd6 17. Ne4 Qe6 18. Nfd2 Kg7 19. Nxc5 Nxc5 20.
Bxc6 f6 21. Qe3 Qxc6 22. Rac1 Bh3 23. Ne4 Bxf1 24. Rxc5 Qb6 25. Kxf1 Rac8
26. Rxc8 Rxc8 27. Qxb6 axb6 28. Nd6 Rb8 29. Ke1 Kf8 30. Kd2 Ke7 31. Nc4 b5
32. Na5 Kd6 33. Kc3 Kc5 34. b4+ Kd6 35. d4 b6 36. Nb3 Ra8 37. dxe5+ Kxe5 38.
Kb2 Kd5 39. Nd2 Re8 40. e3 Ke5 41. Nb3 Ke4 42. Nd4 Re5 43. Kb3 Kd3 44. a4
bxa4+ 45. Kxa4 Kc4 46. Nc6 Re8 {White resigns} 0-1

[Event "ICC tourney 1954 (60 10)"]
[Site "Internet Chess Club"]
[Date "2020.08.09"]
[Round "8"]
[White "sahithyansaran"]
[Black "edikiscool"]
[Result "1-0"]
[ICCResult "Black checkmated"]
[WhiteElo "557"]
[BlackElo "841"]
[Opening "Queen's pawn game, Darooha variation "]
[ECO "D02"]
[NIC "QP.09"]
[Time "15:18:56"]
[TimeControl "3600+10"]

1. Nf3 d5 2. d4 Nf6 3. Nc3 Nc6 4. Bf4 a6 5. e3 Bf5 6. Bd3 Bg4 7. O-O e6 8.
h3 Bh5 9. Be2 Bd6 10. Ne5 Bxe2 11. Qxe2 Bxe5 12. Bxe5 Nxe5 13. dxe5 Nd7 14.
e4 c6 15. exd5 cxd5 16. Rfe1 Qb6 17. Na4 Qb4 18. b3 Qa3 19. Rab1 Rc8 20. c3
b5 21. Nb2 Qxa2 22. Nc4 Qxe2 23. Nd6+ Ke7 24. Nxc8+ Rxc8 25. Rxe2 Rxc3 26.
b4 Nb8 27. Re3 Rxe3 28. fxe3 Nc6 29. Kf2 Nxe5 30. Ke2 Kd6 31. Ra1 Kc7 32.
Rxa6 Kb7 33. Ra5 Kb6 34. Ra8 Nc6 35. Rf8 Nxb4 36. Rxf7 Kc5 37. Rxg7 Kc4 38.
Rxh7 Kb3 39. Rb7 Ka4 40. g4 Nc6 41. g5 b4 42. g6 Ka3 43. g7 Ne7 44. Rxe7 b3
45. g8=Q b2 46. Rb7 Ka2 47. Qxe6 b1=Q 48. Rxb1 Kxb1 49. Qxd5 Ka1 50. h4 Kb1
51. h5 Kc2 52. h6 Kc3 53. h7 Kc2 54. h8=Q Kb1 55. Qb8+ Kc1 56. Qc7+ Kb2 57.
Qb5+ Ka1 58. Qca5# {Black checkmated} 1-0

[Event "ICC tourney 1954 (60 10)"]
[Site "Internet Chess Club"]
[Date "2020.08.09"]
[Round "8"]
[White "kd9junior"]
[Black "AJRChess2011"]
[Result "1-0"]
[ICCResult "Black checkmated"]
[WhiteElo "1292"]
[BlackElo "1164"]
[Opening "King's Indian: fianchetto with ...Nd7"]
[ECO "E67"]
[NIC "KI.80"]
[Time "15:19:29"]
[TimeControl "3600+10"]

1. d4 Nf6 2. c4 g6 3. Nf3 Bg7 4. g3 O-O 5. Bg2 d6 6. Nc3 Nbd7 7. O-O c5 8.
d5 Nb6 9. Nd2 Nfd7 10. Qc2 Ne5 11. b3 Bf5 12. e4 Bd7 13. Bb2 Qc7 14. Rfe1 e6
15. Rad1 exd5 16. exd5 Bf5 17. Nde4 a6 18. f4 Ng4 19. h3 Bd4+ 20. Kf1 Ne3+
21. Rxe3 Bxe3 22. Nf6+ Kg7 23. Nce4 Bd4 24. Bxd4 cxd4 25. Qd2 Nxc4 26. Qxd4
Ne5 27. fxe5 dxe5 28. Qe3 Qc2 29. Rd2 Qc1+ 30. Ke2 Rac8 31. g4 Bxe4 32. Nxe4
Rc2 33. d6 Rd8 34. Rxc2 Qxc2+ 35. Nd2 f6 36. Qb6 Qc8 37. Bxb7 Rxd6 38. Qxd6
Qxb7 39. Ke3 Qg2 40. Qe7+ Kh6 41. Qf8+ Kg5 42. Nf3+ Qxf3+ 43. Kxf3 h6 44.
h4+ Kxh4 45. Qxh6# {Black checkmated} 1-0

[Event "ICC tourney 1954 (60 10)"]
[Site "Internet Chess Club"]
[Date "2020.08.09"]
[Round "8"]
[White "jxfan1"]
[Black "iamlifamily"]
[Result "0-1"]
[ICCResult "White checkmated"]
[WhiteElo "1193"]
[BlackElo "1400"]
[Opening "Caro-Kann: classical variation"]
[ECO "B18"]
[NIC "CK.10"]
[Time "15:18:33"]
[TimeControl "3600+10"]

1. e4 c6 2. d4 d5 3. Nc3 dxe4 4. Nxe4 Bf5 5. Ng3 Bg6 6. Nf3 Nd7 7. Be3 e6 8.
c3 Bd6 9. Be2 Ngf6 10. O-O O-O 11. Qd2 Qc7 12. Bd3 Bxd3 13. Qxd3 h6 14. a4
Rac8 15. Rfe1 Rfd8 16. b4 a5 17. Reb1 axb4 18. cxb4 e5 19. Qe2 Nd5 20. Bd2
exd4 21. Ra2 Re8 22. Qd3 Bf4 23. Bxf4 Qxf4 24. Ne2 Rxe2 25. Qxe2 Nc3 26. Qc2
Nxb1 27. Qxb1 Nf6 28. Rd2 Rd8 29. Qd1 Ne4 30. Rd3 Kh7 31. h3 Qf6 32. Rxd4
Rxd4 33. Qxd4 Qxd4 34. Nxd4 Nc3 35. a5 Nd5 36. Nc2 Kg6 37. Kh2 Kf5 38. f3
Ke5 39. g3 Nc3 40. Kg2 Kd5 41. Kf2 Kc4 42. Ne3+ Kxb4 43. Nf5 Kxa5 44. Nxg7
b5 45. Ke3 b4 46. Kd3 Ka4 47. Nf5 Ka3 48. Nd6 Nb5 49. Nc4+ Ka2 50. Nd2 Nd6
51. Kd4 Kb2 52. Kc5 Kc2 53. Kxb4 Kxd2 54. Kc5 Nf5 55. g4 Nh4 56. Kxc6 Nxf3
57. Kd7 Ke3 58. Ke7 Ng5 59. h4 Kf4 60. h5 Kxg4 61. Kf6 Kxh5 62. Kf5 Kh4 63.
Kf4 f6 64. Kf5 Nh7 65. Kg6 Kg4 66. Kxh6 f5 67. Kxh7 f4 68. Kg6 f3 69. Kf6 f2
70. Ke7 f1=Q 71. Kd8 Qf7 72. Kc8 Qe7 73. Kb8 Qd7 74. Ka8 Kf5 75. Kb8 Ke6 76.
Ka8 Kd6 77. Kb8 Kc6 78. Ka8 Kb6 79. Kb8 Qd8# {White checkmated} 0-1

[Event "ICC tourney 1954 (60 10)"]
[Site "Internet Chess Club"]
[Date "2020.08.09"]
[Round "8"]
[White "SreeVSundaram"]
[Black "falcon2020"]
[Result "0-1"]
[ICCResult "White checkmated"]
[WhiteElo "629"]
[BlackElo "1185"]
[Opening "QGD: exchange, positional line"]
[ECO "D35"]
[NIC "QO.16"]
[Time "15:19:11"]
[TimeControl "3600+10"]

1. d4 Nf6 2. c4 e6 3. Nc3 d5 4. cxd5 exd5 5. Bg5 Nbd7 6. e3 h6 7. Bh4 g5 8.
Bg3 Bb4 9. Bd3 c6 10. Nf3 Nb6 11. Qb3 Bd6 12. Bxd6 Qxd6 13. Ne5 Be6 14. O-O
Ng4 15. Nxg4 Bxg4 16. h3 Bh5 17. Rfe1 O-O-O 18. Bf5+ Kb8 19. Rac1 Rdg8 20.
e4 dxe4 21. Rxe4 Bg6 22. Bxg6 Qxg6 23. Re7 f6 24. Qf7 Qxf7 25. Rxf7 Rf8 26.
Rxf8+ Rxf8 27. Re1 Rd8 28. Re6 Rxd4 29. Rxf6 Rd2 30. Rxh6 Rxb2 31. Rh8+ Kc7
32. Rh7+ Nd7 33. Ne4 Rxa2 34. Nxg5 b5 35. f4 b4 36. f5 b3 37. f6 b2 38. f7
b1=Q+ 39. Kh2 Qf1 40. f8=Q Qxg2# {White checkmated} 0-1

[Event "ICC tourney 1954 (60 10)"]
[Site "Internet Chess Club"]
[Date "2020.08.09"]
[Round "8"]
[White "glassviper"]
[Black "layla0422"]
[Result "0-1"]
[ICCResult "White checkmated"]
[WhiteElo "917"]
[BlackElo "1173"]
[Opening "Bird's opening"]
[ECO "A03"]
[NIC "VO.07"]
[Time "15:18:35"]
[TimeControl "3600+10"]

1. f4 d5 2. Nf3 g6 3. e3 Bg7 4. Be2 Nc6 5. O-O Nf6 6. d4 Ne4 7. Nbd2 O-O 8.
Ne5 Nxe5 9. fxe5 Bf5 10. g4 Nxd2 11. Bxd2 Be4 12. Bb4 a5 13. Ba3 Qd7 14. c4
dxc4 15. Bxc4 Qc6 16. b3 b5 17. Be2 a4 18. Bxe7 Rfe8 19. Bh4 axb3 20. Qxb3
Bh1 21. Rf2 Bd5 22. Qb2 Re6 23. Bxb5 Qb7 24. a4 c6 25. Rb1 cxb5 26. Qxb5
Qxb5 27. axb5 Be4 28. Rb4 Bf8 29. Rb3 Bd5 30. Rbb2 Ra1+ 31. Rf1 Ra3 32. Bg5
h6 33. Bf6 Rb3 34. Rxb3 Bxb3 35. Rb1 Bc2 36. Rb2 Be4 37. b6 Re8 38. Kf2 Be7
39. Bxe7 Rxe7 40. Ke2 Kf8 41. Kd2 Ke8 42. Kc3 Kd8 43. Kc4 Kc8 44. d5 Kb7 45.
Kd4 Bf3 46. h3 Rd7 47. d6 Kc6 48. e4 Rb7 49. Rb3 Bd1 50. Rb4 Rxb6 51. Rxb6+
Kxb6 52. Kd5 Bb3+ 53. Kd4 Kc6 54. Ke3 g5 55. Kd4 Bd1 56. Ke3 Kd7 57. Kf2 Ke6
58. Ke3 Ba4 59. Kf3 Kxe5 60. Ke3 Kxd6 61. Kd4 Bc6 62. e5+ Ke6 63. Kc5 Bg2
64. Kd4 Bxh3 65. Ke3 Bxg4 66. Ke4 h5 67. Ke3 h4 68. Kf2 Kxe5 69. Kg1 h3 70.
Kh2 Kf4 71. Kg1 Kg3 72. Kh1 Bf3+ 73. Kg1 h2+ 74. Kf1 h1=Q# {White
checkmated} 0-1

[Event "ICC tourney 1954 (60 10)"]
[Site "Internet Chess Club"]
[Date "2020.08.09"]
[Round "8"]
[White "thegoldenfrog"]
[Black "amdink"]
[Result "1-0"]
[ICCResult "Black resigns"]
[WhiteElo "1331"]
[BlackElo "1086"]
[Opening "Giuoco Piano"]
[ECO "C54"]
[NIC "IG.02"]
[Time "15:18:26"]
[TimeControl "3600+10"]

1. e4 e5 2. Nf3 Nc6 3. Bc4 Bc5 4. c3 Nf6 5. d3 h6 6. Be3 Bb6 7. a3 O-O 8. h3
a5 9. Bxb6 cxb6 10. Nbd2 d6 11. Nf1 d5 12. exd5 Nxd5 13. Ng3 a4 14. O-O Nf4
15. Re1 Re8 16. d4 exd4 17. Rxe8+ Qxe8 18. Nxd4 Nxd4 19. Qxd4 Ne6 20. Qxb6
Bd7 21. Re1 Qc8 22. Bb5 Bxb5 23. Qxb5 Nc5 24. Ne4 Nxe4 25. Rxe4 Qc7 26. Re8+
Rxe8 27. Qxe8+ Kh7 28. Qxa4 Qe7 29. Kf1 Qg5 30. Qe4+ g6 31. Qxb7 Qc1+ 32.
Ke2 Qc2+ 33. Ke3 Qc1+ 34. Kf3 Qd1+ 35. Kg3 Qd6+ 36. f4 Qd3+ 37. Qf3 Qc2 38.
Qd5 Kg7 39. Qe5+ Kh7 40. Qd4 Qxb2 41. a4 Qa1 42. Qf6 Kg8 43. Qd4 Qe1+ 44.
Kf3 Qf1+ 45. Qf2 Qd1+ 46. Kg3 Qxa4 47. Qd2 h5 48. Qd8+ Kh7 49. Qd4 Qa1 50.
Kh4 Qe1+ 51. Kg5 Qg3+ 52. Kf6 Kg8 53. Qd8+ Kh7 54. Qc7 Kh8 55. Qe5 Kh7 56.
Kxf7 {Black resigns} 1-0

[Event "ICC tourney 1954 (60 10)"]
[Site "Internet Chess Club"]
[Date "2020.08.09"]
[Round "8"]
[White "meisterpatzer"]
[Black "HKChessTour"]
[Result "1-0"]
[ICCResult "Black resigns"]
[WhiteElo "1352"]
[BlackElo "1067"]
[Opening "Konstantinopolsky opening"]
[ECO "A04"]
[NIC "QP.11"]
[Time "15:18:43"]
[TimeControl "3600+10"]

1. Nf3 Nc6 2. g3 e5 3. e4 Nf6 4. d3 d6 5. Bg2 Be7 6. O-O O-O 7. Nbd2 Be6 8.
b3 Qd7 9. Bb2 Bh3 10. Ng5 Bxg2 11. Kxg2 h6 12. Ngf3 Qe6 13. d4 exd4 14. Re1
Nd7 15. Nxd4 Nxd4 16. Bxd4 Bf6 17. Nf3 Ne5 18. Nxe5 Bxe5 19. Bxe5 dxe5 20.
Qd5 Qxd5 21. exd5 f6 22. Rad1 Rfd8 23. c4 Rd7 24. Kf3 Kf7 25. g4 Rad8 26.
Ke4 c6 27. Re3 Rc7 28. Red3 cxd5+ 29. Rxd5 Rxd5 30. Rxd5 Ke7 31. h4 Rc6 32.
g5 hxg5 33. hxg5 Ke6 34. gxf6 gxf6 35. Ke3 f5 36. f3 Rd6 37. Rc5 f4+ 38. Ke2
Ra6 39. a4 Rb6 40. Rb5 Rxb5 41. axb5 Kd6 42. Kd3 b6 43. Ke4 Ke6 44. b4 Kd6
45. Kf5 a5 46. bxa6 Kc7 47. Kxe5 Kb8 48. Kxf4 Ka7 49. b5 Kb8 50. Ke5 Kc7 51.
f4 {Black resigns} 1-0